 Seeded DCSS version 0.30-a0-930-gb9d0489357 (webtiles) character file.

Game seed: 3125986916090331667 (custom seed)

3 Parcival the Shield-Bearer (level 1, 18/18 HPs)
             Began as a Human Fighter on Mar 23, 2023.
             Quit the game on level 1 of the Dungeon.
             The game lasted 00:00:28 (80 turns).

Parcival the Shield-Bearer (Human Fighter)            Turns: 80, Time: 00:00:28

Health: 18/18      AC:  6    Str: 16    XL:     1   Next: 55%
Magic:  1/1        EV:  8    Int:  8    God:
Gold:   0          SH:  4    Dex: 12    Spells: 0/0 levels left

rFire   . . .      SeeInvis .    a - +0 trident
rCold   . . .      Faith    .    c - +0 buckler
rNeg    . . .      Spirit   .    b - +0 scale mail
rPois   .          Reflect  .    (no helmet)
rElec   .          Rampage  .    (no cloak)
rCorr   .                        (no gloves)
Will    .....                    (no boots) Stlth
                                 (no amulet)
HPRegen 0.23/turn                (no ring)
MPRegen 0.07/turn                (no ring)

@: no status effects
A: no striking features
a: no special abilities


You were on level 1 of the Dungeon.
You visited 1 branch of the dungeon, and saw 1 of its levels.

Inventory:

Hand Weapons
 a - a +0 trident (weapon)
Armour
 b - a +0 scale mail (worn)
 c - a +0 buckler (worn)
Scrolls
 e - a scroll of acquirement
Potions
 d - a potion of might


   Skills:
 + Level 3.1 Fighting
 + Level 2.0 Polearms
 + Level 3.0 Armour
 + Level 3.1 Shields


You couldn't memorise any spells.
You didn't know any spells.
Your spell library was empty.

Dungeon Overview and Level Annotations

Branches:
Dungeon (1/15)

Altars:


Message History

Press ? for a list of commands and other information.
Found a staircase leading out of the dungeon.
Found a stone staircase leading down.
A goblin and an endoplasm come into view.
The goblin shouts!
The endoplasm quivers.
Found a scroll labelled ROKLIF FIDEHY.
You block the goblin's attack.
A goblin comes into view. It is wielding a +0 club.
The goblin shouts!
The endoplasm hits you but does no damage.
The endoplasm attacks as you move away! The endoplasm closely misses you.
The goblin attacks as you move away! The goblin hits you but does no damage.
The goblin attacks as you move away! The goblin hits you but does no damage.
The endoplasm barely misses you.
You barely miss the goblin. The goblin barely misses you.
The endoplasm jiggles.
The endoplasm hits you but does no damage.
The goblin hits you with a +0 dagger.
You hit the goblin.
You kill the goblin!
You block the goblin's attack. The endoplasm hits you.
You barely miss the goblin. The goblin hits you but does no damage.
The endoplasm freezes you.
You are frozen.
You hit the goblin.
You kill the goblin!
The endoplasm barely misses you. x2
The endoplasm freezes you.
You are frozen.
Things that are here:
a +0 club; a goblin corpse You barely miss the endoplasm.
The endoplasm hits you.
* * * LOW HITPOINT WARNING * * *
You puncture the endoplasm!
You kill the endoplasm!
HP restored.
e - a scroll labelled ROKLIF FIDEHY This is a scroll of acquirement!
Are you sure you want to abandon this character and quit the game? (Confirm with "yes".)

# .#.###### .#~
........# #.#~
###@####..+.
#...).....#~
#..)....#.#~
.###....#....##
........>.....#
..###.#.........
#.......####
#......##
####.###


There were no monsters in sight!

Vanquished Creatures
  An endoplasm (D:1)
  2 goblins (D:1)
3 creatures vanquished.

Notes
Turn   | Place    | Note
-------+----------+-------------------------------------------
     0 | D:1      | Parcival the Human Fighter began the quest for the Orb.
     0 | D:1      | Reached XP level 1. HP: 18/18 MP: 1/1
    80 | D:1      | Identified a scroll of acquirement
    80 | D:1      | Quit the game

Illustrated notes

Levels and vault maps discovered:
D:1:      amcnicky_arrival_single_pillar, layout_loops_cross,
          hangedman_glass_garden

Action                     || total
---------------------------++-------
  Melee: Trident           ||     6
 Armour: Scale mail        ||     5
  Dodge: Dodged            ||     5
  Block: Buckler           ||     2

Table legend: (Time is in decaauts)
 A = Elapsed time spent in this place.
 B = Non-inter-level travel time spent in this place.
 C = Inter-level travel time spent in this place.
 D = Time resting spent in this place.
 E = Time spent auto-exploring this place.
 F = Levels seen in this place.
 G = Mean time per level.
                   A        B        C        D        E       F      G
               +--------+--------+--------+--------+--------+-----+--------+
         Total |     81 |     81 |      0 |      0 |     60 |   1 |   81.0 |
       Dungeon |     81 |     81 |      0 |      0 |     60 |   1 |   81.0 |
               +--------+--------+--------+--------+--------+-----+--------+

Top non-repeatable levels by time:
     D:1: 81 daAuts
